[Event "German Rapid Championship 2022"]
[Site "Goettingen"]
[Date "2022.09.25"]
[Round "7.10"]
[White "Schmidt, Tobias"]
[Black "Hampel, Felix"]
[Result "0-1"]
[ECO "B22"]
[WhiteElo "2262"]
[BlackElo "2326"]
[Annotator "TA"]
[PlyCount "133"]
[EventDate "2022.09.24"]
[EventType "swiss"]
[EventCountry "GER"]
[SourceTitle "playchess.com"]
[Source "ChessBase"]
[SourceQuality "1"]
[TimeControl "900+10"]

1. e4 c5 2. c3 Nf6 3. e5 Nd5 4. Nf3 e6 5. Bc4 d6 6. d4 cxd4 7. cxd4 Be7 8. O-O {[%emt 0:00:02] B22: Sicilian: 2 c3.} O-O 9. Qe2 b6 10. Qe4 {[%emt 0:00:34] The position is equal.} Ba6 11. b3 dxe5 12. dxe5 Bxc4 (12... Qc8 $11) 13. bxc4 $14 Nc7 14. Nc3 Nba6 15. Rd1 Qe8 {[%emt 0:00:30] [#]} 16. Qg4 $146 (16. Ng5 $16 Bxg5 17. Bxg5) ({Predecessor:} 16. Ng5 Bxg5 17. Bxg5 f6 18. exf6 gxf6 19. Bh6 Rf7 20. Rd3 Kh8 21. Qg4 Nc5 22. Rg3 {1-0 (34) Narva,M (2358)-Lehtinen,H (1818) Helsinki 2019}) 16... Kh8 (16... f6 $11) 17. Bg5 (17. Ng5 $16) 17... Nc5 18. Qh4 f6 19. exf6 gxf6 20. Be3 N7a6 21. Rd2 Qg6 22. Ne5 (22. Rad1 $14) 22... Qe8 $1 $11 23. Nf3 Qf7 ({Black should play} 23... Qg6 $1 $11) 24. Rad1 $14 Rfd8 25. Bd4 Rg8 26. g3 Rg7 27. a4 (27. Be3 $14) 27... Rag8 28. Re2 e5 (28... Nb3 $11) 29. Bxc5 (29. Nd5 $14 Bd8 30. Bxc5 Nxc5 31. Ne3) 29... Nxc5 $11 30. Nd5 Bd8 31. Qh6 Nxa4 32. Nh4 {[%emt 0:00:19] Pair of Knights!} f5 {[%emt 0:00:21] aiming for ...Bg5.} (32... Rg5 $5 33. Nf3 Rh5 $15) 33. Qc6 $2 {[%emt 0:01:17] Black keeps a firm grip on the game.} (33. Rxe5 $11 {and White is okay.} Bg5 34. Qc6 Bxh4 35. Rd4 (35. Qxa4 f4 $17)) 33... Bxh4 $19 ({Not} 33... Nc5 $2 34. Ng2 Qh5 35. Nc3) 34. Qxa4 {[%emt 0:00:01] [#]} f4 $1 35. Qc2 $2 (35. Rxe5 {leads to mate.} fxg3 36. f4 gxh2+ 37. Kh1 Qg6) (35. Rd3 e4 36. Rb3 (36. Rxe4 $2 fxg3 37. hxg3 Bxg3 $19)) 35... fxg3 36. fxg3 {[%emt 0:00:02] [#]} Bxg3 $1 37. hxg3 Rxg3+ 38. Rg2 Rxg2+ 39. Qxg2 Rxg2+ 40. Kxg2 {[%emt 0:00:02][%mdl 4096] Endgame KQ-KRN} Qg6+ 41. Kf1 Qe4 42. Kf2 Qc2+ 43. Ke1 Qxc4 44. Ne3 Qb4+ 45. Ke2 a5 {[%emt 0:00:10][%cal Ba7a5,Ba5a4][%mdl 32] Threatens to win with ...a4.} 46. Rc1 Kg7 47. Nf5+ Kg6 48. Ne3 a4 49. Rg1+ Kf7 50. Rf1+ Ke6 51. Rf6+ Kd7 52. Rf7+ Kc6 53. Rc7+ Kb5 {[%emt 0:00:06] White must now prevent ...a3.} 54. Rc2 a3 55. Nd1 Qg4+ 56. Kd2 Ka5 57. Ne3 Qd4+ 58. Ke2 b5 59. Kf3 e4+ 60. Kf4 b4 {[%emt 0:00:12] ( -> ...b3)} 61. Nc4+ Ka4 {[%emt 0:00:06] Black mates.} 62. Ne3 Kb3 63. Re2 a2 64. Nc2 Qf6+ 65. Kxe4 Qe6+ 66. Kd3 {[%emt 0:00:03] [#]} Qxe2+ $3 67. Kd4 {Weighted Error Value: White=0.41/Black=0.12 (very precise)} (67. Kxe2 Kxc2) 0-1

[Event "German Rapid Championship 2022"]
[Site "Goettingen"]
[Date "2022.09.25"]
[Round "7.12"]
[White "Schenderowitsch, Michael"]
[Black "Elier, Ali"]
[Result "0-1"]
[ECO "D32"]
[WhiteElo "2292"]
[BlackElo "2164"]
[Annotator "TA"]
[PlyCount "104"]
[EventDate "2022.09.24"]
[EventType "swiss"]
[EventCountry "GER"]
[SourceTitle "playchess.com"]
[Source "ChessBase"]
[SourceQuality "1"]
[TimeControl "900+10"]

1. d4 d5 2. c4 e6 3. Nc3 c5 4. cxd5 cxd4 5. Qa4+ Bd7 6. Qxd4 exd5 7. Qxd5 Nc6 8. Qd1 Nf6 9. Nf3 Bc5 10. e3 Qe7 11. Be2 O-O-O 12. O-O g5 13. b4 Bxb4 14. Qb3 Kb8 {[%emt 0:00:24] D32: Tarrasch Defence: Sidelines and lines without g3.} 15. Rb1 Bf5 16. Rb2 {[%emt 0:00:30] [#]} (16. e4 $1 $16 Nxe4 17. Nd5 Rxd5 18. Qxd5) 16... g4 $146 (16... Be6 $11 17. Qc2 g4) ({Predecessor:} 16... Be6 17. Bc4 Rd3 18. Bd2 Ne4 19. Nd4 Rxd4 20. exd4 Nxd2 21. Rxd2 Na5 22. Qc2 Nxc4 {½-½ (37) Pouliot,J-Patterson,L Canada 1986}) 17. Nd4 $1 $14 Nxd4 18. exd4 ({Much worse is} 18. Qxb4 $6 Qxb4 19. Rxb4 Nd5 20. Rxd4 Nxc3 $15) 18... Bxc3 (18... Rxd4 $2 19. Nb5 Bc5 20. Bg5 $18) 19. Qxc3 {[%emt 0:00:11] Ba6 is the strong threat.} Nd5 20. Qb3 Ka8 21. Bc4 Be6 {[%emt 0:00:33] [#]} 22. Bg5 $1 $36 {[%emt 0:01:17][%cal Bc1g5,Bg5d2,Bd2a5][%mdl 2080] White has some pressure.} f6 23. Bd2 {[%emt 0:02:14] And now Re1 would win. A strong pair of Bishops.} Qf7 (23... Rd7 $14) 24. Rfb1 ({White should try} 24. Re1 $16 {[%cal Oe1e6] Hoping for Rxe6!} Rhe8 25. Ba5 (25. Rxe6 Rxe6 26. Ba5 Rc8 $15)) 24... Rd7 25. Re1 Rhd8 (25... Rc8 $16 {is a better defense.}) 26. Ba5 $18 Rc8 27. Rbe2 Bf5 28. Bb5 $2 (28. g3 $18) 28... Nf4 $1 $15 29. Rd2 $2 {[%emt 0:00:16][%mdl 8192] [#] Black converts the advantage convincingly.} ({White should play} 29. Rb2 $15) 29... Qxb3 $1 $19 30. axb3 Rd5 31. Bc4 Rxa5 32. d5 Rd8 33. d6 Re5 34. Red1 b5 35. Bf1 Kb7 36. g3 Nh3+ 37. Bxh3 gxh3 38. f3 Re3 39. g4 Be6 40. Kf2 Rxb3 41. Re1 Bd7 42. Re7 Kb6 43. Rc2 Rd3 44. Rxh7 Rxd6 45. Rxh3 a5 46. Rh6 b4 47. g5 b3 48. Rb2 a4 49. g6 Be6 {[%emt 0:00:06] ( -> ...a3)} 50. g7 a3 {[%emt 0:00:09] Black mates.} 51. Re2 b2 52. Rh8 Bg8 {[%emt 0:00:24] Weighted Error Value: White=0.62/Black=0.16 (very precise)} 0-1

[Event "German Rapid Championship 2022"]
[Site "Goettingen"]
[Date "2022.09.25"]
[Round "7.13"]
[White "Perkampus, Laurin"]
[Black "Kersten, Uwe"]
[Result "1/2-1/2"]
[ECO "A60"]
[WhiteElo "2123"]
[BlackElo "2261"]
[Annotator "TA"]
[PlyCount "60"]
[EventDate "2022.09.24"]
[EventType "swiss"]
[EventCountry "GER"]
[SourceTitle "playchess.com"]
[Source "ChessBase"]
[SourceQuality "1"]
[TimeControl "900+10"]

1. d4 e6 2. c4 c5 3. d5 Nf6 4. Nc3 d6 5. e4 g6 6. Nf3 Bg7 7. h3 O-O 8. Bg5 h6 9. Be3 exd5 10. cxd5 Re8 11. Bd3 a6 12. a4 $1 c4 {[%emt 0:00:16] A65: Modern Benoni: 6 e4.} (12... Nbd7 $14) 13. Bc2 $16 (13. Bxc4 $6 Nxe4 14. Nxe4 Rxe4 $11) 13... Nbd7 14. O-O Qc7 {[%emt 0:00:19] White is better.} 15. Qd2 Kh7 16. Rfe1 {[%emt 0:00:11] White is more active.} Nc5 17. Bd4 {[%emt 0:00:37] [#]} b6 $146 ({Predecessor:} 17... Ncd7 18. a5 b5 19. axb6 Nxb6 20. e5 dxe5 21. Bxe5 Qd8 22. Qf4 Ra7 23. Qd4 Rd7 {½-½ (38) Dianda,J (2000)-Domingues,P (1841) Niteroi 2022}) 18. Rad1 (18. e5 $142 dxe5 19. Nxe5 (19. Bxe5 Qd8 $16)) 18... Bb7 19. Nh2 Re7 20. Re3 ({Don't play} 20. Bxf6 Bxf6 21. Ng4 Bg7 $14) (20. Qe2 $142) 20... Rae8 21. Rde1 Nb3 {[%emt 0:01:02] This costs Black the game.} (21... Ncd7 $16) 22. Bxb3 $18 cxb3 23. Rf3 Nxe4 24. Rxe4 Rxe4 25. Nxe4 Rxe4 26. Bxg7 Kxg7 {[%emt 0:00:36] [#]} 27. Ng4 $1 g5 {[%emt 0:00:36] [#] aiming for ...Qc2.} 28. Nxh6 $1 f6 {[%emt 0:01:27] Threatens to win with ...Qc2.} (28... Kxh6 $2 29. Rf6+ Kg7 30. Qxg5+ Kf8 31. Rh6 Re1+ 32. Kh2 $18) 29. Nf5+ Kg6 (29... Kf8 {was worth a try.} 30. Nd4 (30. Rxb3 Qd8 $16) (30. Ng3 Rf4 $18) 30... Qe7) 30. Ng3 Re5 {Weighted Error Value: White=0.10 (very precise) /Black=0.33} 1/2-1/2

[Event "German Rapid Championship 2022"]
[Site "Goettingen"]
[Date "2022.09.25"]
[Round "8.1"]
[White "Bluebaum, Matthias"]
[Black "Heider, Martin"]
[Result "1-0"]
[ECO "D85"]
[WhiteElo "2647"]
[BlackElo "2393"]
[Annotator "TA"]
[PlyCount "57"]
[EventDate "2022.09.24"]
[EventType "swiss"]
[EventCountry "GER"]
[SourceTitle "playchess.com"]
[Source "ChessBase"]
[SourceQuality "1"]
[TimeControl "900+10"]

1. d4 Nf6 2. c4 g6 3. Nc3 d5 4. cxd5 Nxd5 5. e4 Nxc3 6. bxc3 Bg7 7. Nf3 c5 8. Bb5+ Nc6 9. O-O O-O 10. Bxc6 bxc6 11. Qc2 {[%emt 0:00:01] D85: Exchange Grünfeld: Unusual White 7th moves and lines with 7 Nf3.} Bg4 (11... cxd4 {with more complications.} 12. cxd4 Bg4 13. Ne5 Qxd4 14. Bb2 Qb6) 12. Ne5 Bxe5 13. dxe5 {[%emt 0:00:02] White is slightly better.} Qa5 14. Bg5 {[%emt 0:01:39] [#]} Qc7 $146 ({Predecessor:} 14... Rfe8 15. h3 Be6 16. f4 Rad8 17. f5 Bc4 18. Rf3 Qc7 19. Bf4 Qc8 20. Re1 Kh8 {1-0 (43) Yankelevich,L (2444)-Finek,V (2419) Vienna 2022}) 15. f4 f6 {[%emt 0:02:32] [#]} (15... Be6 $16 {keeps fighting.}) 16. Bh6 $1 $18 Rfb8 17. h3 Be6 18. exf6 {[%emt 0:01:54] aiming for f5.} exf6 {[%emt 0:00:40] [#]} 19. f5 $1 Bc4 20. Bf4 ({White should try} 20. Rf3 $18) 20... Qf7 $16 21. Rf3 Rd8 (21... Re8 $16 {was called for.}) 22. fxg6 $18 hxg6 23. Be5 Bd3 $2 (23... Rd3) 24. Qf2 (24. Rxd3 fxe5 25. Rad1 Rxd3 26. Qxd3 Rf8 $16) 24... Bxe4 (24... Rf8 $142 25. Bxf6 (25. Rxd3 fxe5 26. Qxc5 Rab8 $18) 25... c4) 25. Rxf6 Qh7 26. Re1 Bd3 27. Qxc5 Rf8 28. Qxc6 {[%emt 0:00:19] Qd5+ would kill now.} Bc2 29. Qd5+ {[%emt 0:00:08] Weighted Error Value: White=0.10 (very precise) /Black=1.04} 1-0

[Event "German Rapid Championship 2022"]
[Site "Goettingen"]
[Date "2022.09.25"]
[Round "8.2"]
[White "Poetsch, Hagen"]
[Black "Fridman, Daniel"]
[Result "1/2-1/2"]
[ECO "C11"]
[WhiteElo "2491"]
[BlackElo "2607"]
[Annotator "TA"]
[PlyCount "39"]
[EventDate "2022.09.24"]
[EventType "swiss"]
[EventCountry "GER"]
[SourceTitle "playchess.com"]
[Source "ChessBase"]
[SourceQuality "1"]
[TimeControl "900+10"]

1. e4 e6 2. d4 d5 3. Nc3 Nf6 4. e5 Nfd7 5. f4 c5 6. Nf3 Nc6 7. Be3 Qb6 8. Na4 Qa5+ 9. c3 c4 10. b4 Qc7 {[%emt 0:00:08] 10...Qc7 has become a bit dusty these days.} 11. Be2 Be7 12. O-O ({Much weaker is} 12. b5 Nd8 $11) 12... O-O {[%emt 0:00:03] C11: French: Classical System: 4 e5 and 4 Bg5 dxe4.} 13. Qd2 f5 {[%emt 0:01:39] [#]} {Predecessor:} 14. exf6 $146 Nxf6 15. Qc2 b6 16. Ne5 Bb7 17. Nb2 b5 18. a4 a6 19. Bf3 Bd6 20. Rae1 {1-0 (144) Robson,R (2660)-Akobian,V (2647) Saint Louis 2018} 1/2-1/2

[Event "German Rapid Championship 2022"]
[Site "Goettingen"]
[Date "2022.09.25"]
[Round "8.3"]
[White "Svane, Rasmus"]
[Black "Arndt, Magnus"]
[Result "1-0"]
[ECO "A05"]
[WhiteElo "2615"]
[BlackElo "2384"]
[Annotator "TA"]
[PlyCount "71"]
[EventDate "2022.09.24"]
[EventType "swiss"]
[EventCountry "GER"]
[SourceTitle "playchess.com"]
[Source "ChessBase"]
[SourceQuality "1"]
[TimeControl "900+10"]

1. Nf3 Nf6 2. g3 d5 3. Bg2 e6 4. O-O Be7 5. c4 O-O 6. b3 b6 7. d4 Bb7 8. Nc3 c5 {[%emt 0:00:49] E18: Queen's Indian: Old Main Line (4 g3 Bb7 5 Bg2 Be7 6 0-0 0-0 7 Nc3).} 9. dxc5 Bxc5 10. Ne5 (10. Ne1 {is superior.}) 10... Nbd7 {[%emt 0:04:08] Black has an edge.} (10... Qe7 $5 ) 11. Bf4 Rc8 12. Rc1 {[%emt 0:00:03] [#]} Ba8 $146 ({Predecessor:} 12... Bb4 13. Nb5 Nxe5 14. Bxe5 a6 15. Nc3 Bxc3 16. Bxc3 Qe7 17. Qd2 Rfd8 {0-1 (48) Berczes,C (2381)-Nemeth,D (2132) Zalakaros 2009}) 13. cxd5 {[%emt 0:03:40] Strongly threatening Nc6.} Nxe5 14. Bxe5 Nxd5 15. Nxd5 Bxd5 16. e4 Bb7 17. Qg4 f6 (17... g6 $1 $11) 18. Qxe6+ $14 Kh8 19. Bf4 Re8 {[%emt 0:00:26] [#]} 20. Qf5 {[%emt 0:00:07] White is more active.} ({White should play} 20. Qg4 $1 $16 {Hoping for Rcd1.} Qe7 21. Rfd1) 20... Qe7 (20... Qd3 $11 {keeps the balance.}) 21. Rfe1 $16 {[%emt 0:00:27] Black is on the road to losing.} Bb4 {[%emt 0:00:02] [#]} 22. Red1 {[%emt 0:00:17] Black must now prevent Rd7.} Rxc1 23. Rxc1 Bd6 {[%emt 0:00:25] Inhibits Rc7.} 24. Rd1 Bxf4 25. Qxf4 h6 (25... Bxe4 $2 26. Qxe4 Qxe4 27. Bxe4 $18) 26. Rd4 Qc5 (26... Rd8 $16 27. Rxd8+ Qxd8) 27. Rd7 $18 Bc8 (27... Qc8 {is a better defense.} 28. Rc7 Qb8) 28. Rxa7 $40 {[%emt 0:00:27][%mdl 128] White goes for the king.} Qd4 {[%emt 0:00:10] ( -> ...Qd1+)} 29. h4 b5 30. Qc7 f5 $2 (30... Rg8 31. Ra8 Qa1+ 32. Kh2 Be6) 31. Ra8 {[%emt 0:00:20] White is clearly winning.} Qd1+ 32. Kh2 Qd7 33. Qxd7 Bxd7 34. Rxe8+ Bxe8 35. exf5 Bd7 36. g4 {[%emt 0:00:13] Weighted Error Value: White=0.10 (very precise) /Black=0.57} 1-0

[Event "German Rapid Championship 2022"]
[Site "Goettingen"]
[Date "2022.09.25"]
[Round "8.4"]
[White "Kopylov, Michael"]
[Black "Feuerstack, Aljoscha"]
[Result "0-1"]
[ECO "D12"]
[WhiteElo "2371"]
[BlackElo "2464"]
[Annotator "TA"]
[PlyCount "90"]
[EventDate "2022.09.24"]
[EventType "swiss"]
[EventCountry "GER"]
[SourceTitle "playchess.com"]
[Source "ChessBase"]
[SourceQuality "1"]
[TimeControl "900+10"]

1. d4 d5 2. c4 c6 3. Nf3 Nf6 4. e3 Bf5 5. Nc3 e6 6. Nh4 Bg6 7. Qb3 {[%emt 0:00:22] D12: Slav Defence: 3 Nf3 Nf6 4 e3 Bf5.} Qc7 {[%emt 0:00:02] The main line 7...Qc7 scores better than 7...Qb6.} 8. Nxg6 hxg6 9. Bd2 {[%emt 0:00:05] White is slightly better.} Nbd7 10. Rc1 Nb6 11. cxd5 exd5 12. h3 Be7 13. Be2 g5 {[%emt 0:01:34] [#]} 14. Rf1 $146 ({Predecessor:} 14. g4 g6 {½-½ (14) Szabo,G (2546)-Erdos,V (2608) Hungary 2012}) 14... Qd7 15. a4 Nc8 16. Kd1 Nd6 17. Kc2 a6 18. a5 Nfe4 19. Be1 O-O 20. Na4 Rae8 21. Kb1 Bd8 22. Bd3 (22. f3 $5 Nf6 23. Nc5 $14) 22... Kh8 {[%emt 0:02:01] [#]} (22... Nf6 $11) 23. f3 $1 $16 Nf6 24. Nc5 Qc8 25. Bd2 (25. e4 $142) 25... Nb5 26. Rce1 Be7 27. Na4 (27. Qc2 $16) 27... Qc7 28. Qc2 Bd6 29. Rc1 Re7 30. Rfe1 (30. Rh1 $14) 30... Rfe8 $11 31. Nc5 Bg3 32. Rf1 Nh5 (32... Kg8 $11) 33. Qd1 (33. Bxb5 $5 axb5 34. Rfd1 $11) 33... g6 34. e4 {[%emt 0:00:33] aiming for exd5.} Bf4 (34... Nf4 $1 $11) 35. exd5 $16 Ng3 36. Rf2 Nxd4 37. Bc3 (37. Be4 $1 $16 {Bxf4 is the strong threat.} Nde2 38. Bxf4 (38. Rxe2 Nxe2 39. Qxe2 cxd5 $15) 38... Qxf4 39. d6 (39. Rxe2 Nxe2 40. d6 Qxc1+ 41. Qxc1 Nxc1 $17) 39... Rxe4 40. Nxe4 Nxc1 41. Qd4+ (41. Nxg3 Qxg3 42. Qd4+ Kh7 $11) 41... f6 42. Qxf6+ Qxf6 43. Nxf6) 37... Be5 {[%emt 0:00:02] [#]} (37... Kh7 $11 {remains equal.} 38. Bd2 (38. Bxd4 Bxc1 39. Ne4 Nxe4 $17) 38... Kg8) 38. Bxg6 $2 {[%emt 0:00:39] A strong pair of Bishops.} Nb5 (38... Nde2 $1 $15 39. Rxe2 Nxe2 40. Qxe2 Bxc3) 39. Bxe5+ $11 Rxe5 40. Be4 $36 {[%emt 0:00:19][%mdl 2048] White has some pressure.} f5 41. dxc6 (41. Bd3 $11 Rxd5 42. Qd2) 41... fxe4 $17 42. Qd7 $2 {[%emt 0:00:10] White does not recover from this.} (42. cxb7 $17 e3 43. Rfc2) 42... e3 $19 {[%emt 0:00:15] Black is clearly winning.} 43. Rfc2 {[%emt 0:00:09] Strongly threatening Qxc7.} bxc6 44. Qg4 {[%emt 0:00:06] [#]} (44. Qxc7 $142 Nxc7 45. Nd3) 44... e2 $1 {[%emt 0:00:13][%cal Oe5c5] And now ...Rxc5! would win.} 45. Nd3 (45. Re1 Rb8) 45... e1=Q {[%emt 0:00:15] Weighted Error Value: White=0.63/Black=0.25 (precise)} 0-1

[Event "German Rapid Championship 2022"]
[Site "Goettingen"]
[Date "2022.09.25"]
[Round "8.5"]
[White "Lubbe, Nikolas"]
[Black "Laux, Dominik"]
[Result "1-0"]
[ECO "D12"]
[WhiteElo "2479"]
[BlackElo "2248"]
[Annotator "TA"]
[PlyCount "76"]
[EventDate "2022.09.24"]
[EventType "swiss"]
[EventCountry "GER"]
[SourceTitle "playchess.com"]
[Source "ChessBase"]
[SourceQuality "1"]
[TimeControl "900+10"]

1. d4 d5 2. Nf3 Nf6 3. c4 c6 4. e3 Bf5 5. Nc3 e6 6. Nh4 Be4 7. f3 Bg6 {[%emt 0:00:02] D12: Slav Defence: 3 Nf3 Nf6 4 e3 Bf5.} 8. Nxg6 hxg6 9. Qb3 Qc7 {[%emt 0:00:08] White has an edge.} 10. cxd5 cxd5 11. Bd2 Nc6 12. O-O-O a6 13. Kb1 Bd6 14. Rc1 {[%emt 0:00:38] [#]} O-O $146 ({Predecessor:} 14... Kf8 15. Qd1 Bb4 16. Bd3 Bxc3 17. Bxc3 Rxh2 18. e4 Qg3 19. e5 Nh5 20. Qb3 Rxh1 21. Rxh1 Qxg2 22. Rxh5 gxh5 23. Qxb7 {0-1 (52) Goganov,A (2581)-Demidov,M (2523) Anapa 2021}) 15. Qd1 e5 16. g4 exd4 17. exd4 Qd7 (17... Qb6 $11) 18. Bg5 (18. h4 $1 $16) 18... Bb4 (18... Nh7 $11 19. Bd2 Nf6) 19. Na4 ({White should play} 19. h4 $16) 19... Qe6 20. h4 Nh7 (20... Rfe8 $14) 21. a3 $16 Bd6 22. Qd2 (22. Bd3 $16) 22... Rfe8 $14 23. Nb6 Rab8 24. Bxa6 Nxd4 25. Qxd4 Be5 26. Qxd5 Qxb6 (26... bxa6 $14 27. Qxe6 Rxe6) 27. Bb5 $16 {[%emt 0:00:01] Active counter play!} Nxg5 (27... Re6 $16) 28. hxg5 $18 {[%emt 0:00:03][%cal Oh1h8] And now Rh8+! would win.} Rbd8 $2 {[%emt 0:00:42] [#]} (28... Re6 29. Rcd1 Bf4) 29. Qb3 $2 (29. Rh8+ $1 $18 Kxh8 30. Qxf7) 29... Rd2 $14 30. Rc2 Rxc2 31. Kxc2 {[%emt 0:00:02] Dancing on a razor blade.} Qf2+ ({Better is} 31... Rd8 $14) 32. Kb1 $16 Rd8 (32... Re7 $16 33. Rd1 Qb6) 33. Bc4 $40 {[%emt 0:00:17][%csl LRb7,LRf7][%mdl 128] White is out for blood.} Rd7 34. a4 Qd2 35. Rc1 (35. Ka2 $142) 35... Qxg5 {[%emt 0:00:10][%mdl 8192] [#] Loses the game.} (35... Bf4 $16 36. Rc2 (36. Bxf7+ Rxf7 37. Rc8+ Kh7 $11) 36... Qd6) 36. Bxf7+ $1 Kf8 (36... Rxf7 37. Rc8+) 37. Rc8+ Rd8 {[%emt 0:00:06] [#]} 38. Bg8 $1 Ke7 {Weighted Error Value: White=0.31/Black=0.64} (38... Qf4 39. Rxd8+) 1-0

[Event "German Rapid Championship 2022"]
[Site "Goettingen"]
[Date "2022.09.25"]
[Round "8.6"]
[White "Hampel, Felix"]
[Black "Krastev, Alexander"]
[Result "0-1"]
[ECO "A30"]
[WhiteElo "2326"]
[BlackElo "2431"]
[Annotator "TA"]
[PlyCount "138"]
[EventDate "2022.09.24"]
[EventType "swiss"]
[EventCountry "GER"]
[SourceTitle "playchess.com"]
[Source "ChessBase"]
[SourceQuality "1"]
[TimeControl "900+10"]

1. c4 c5 2. Nf3 Nc6 3. Nc3 g6 4. e3 Nf6 5. d4 cxd4 6. exd4 d5 7. cxd5 Nxd5 8. Qb3 Nxc3 9. Bc4 e6 {[%emt 0:00:01] Nowadays more popular than 9...Nd5.} 10. bxc3 Bd7 {[%emt 0:00:01][%cal Bc8d7,Bd7c6,Bc6d5][%mdl 32] Hoping for ...Na5.} 11. Bd3 {[%emt 0:04:06] A35: Symmetrical English: 2 Nc3 Nc6 3 Nf3.} ({Not} 11. Qxb7 $2 Rb8 12. Qa6 Rb6 $19) 11... Na5 12. Qc2 Rc8 13. O-O {[%emt 0:00:44] The position is equal.} Bg7 14. Ba3 {[%emt 0:00:52] [#]} Bc6 $146 (14... Bf8 $5 15. Qc1 Be7 $14) ({Predecessor:} 14... Bf8 15. Bxf8 Kxf8 16. Rfe1 Kg7 17. Rac1 Qf6 18. Ne5 Rhd8 19. Qd2 Nc6 20. Ng4 Qh4 {½-½ (78) Svane,R (2597)-Durarbayli,V (2609) Sitges 2019}) 15. Nd2 (15. Ne5 $14) 15... Bf8 $11 16. Bb2 Bd6 17. c4 O-O 18. Qc3 {[%emt 0:01:04][%cal Od4d5] [#]} Bd5 $1 $40 {[%emt 0:00:46][%cal Oa5c4][%mdl 128] Black has some attack.} 19. c5 $1 Be7 20. Ne4 Nc6 21. Rad1 f5 22. Nd6 (22. Nd2 $15) 22... Bxd6 $17 23. cxd6 Qg5 ({And not} 23... Qxd6 24. Ba3 Qf4 25. Bxf8 Bxg2 26. Kxg2 $11) 24. f3 {[%emt 0:00:22] [#]} Rfd8 (24... Ne5 $1 $17 25. dxe5 Rxc3 26. Bxc3 Qe3+ 27. Kh1 Bxa2) 25. Bc1 $15 Qf6 26. d7 ({Better is} 26. Be2 $15) 26... Rxd7 $17 27. Bb5 a6 28. Bxc6 Rxc6 29. Qb2 Qd8 {[%emt 0:01:13] Black is more active.} (29... Rdc7 $17 {...Rc2 is the strong threat.} 30. Rf2 g5) 30. Bf4 Qa5 31. Rf2 Qc3 32. Qe2 Qa3 33. h4 Qe7 34. Bg5 Qg7 35. Qe3 Rdc7 36. Rdd2 (36. Bf4 $11) 36... Rc3 37. Qf4 Rc8 38. Rfe2 Qc7 39. Re5 Rc1+ 40. Kh2 Ra1 41. Ree2 (41. Qg3 $17 {might work better.}) 41... Qxf4+ $19 ({Worse is} 41... Qc1 42. Qe5 $15) 42. Bxf4 Kf7 43. Kg3 b5 44. Bd6 (44. Rb2 $17) 44... Rc4 (44... a5 $19 45. a3 Bc4) 45. a3 Ke8 46. Bc5 Kf7 $2 ({Black should try} 46... h6 $17 {And now ...g5 would win.} 47. Re5 Kf7) 47. Rb2 $2 (47. Bd6 $1 $11) 47... Rc3 ({Black should play} 47... h6 $19 48. Rbc2 Rd1 49. Rxc4 bxc4) 48. Kf4 h6 {[%emt 0:00:05] White must now prevent ...Kf6.} 49. Bb6 (49. Bb4 $17 {is a better defense.} Rc4 50. Ke5) 49... Raxa3 50. Bc5 Ra1 51. Red2 $2 (51. Ke5) 51... Kf6 {[%emt 0:00:06] ( -> ...g5+)} 52. Bb6 g5+ 53. Kg3 g4 (53... f4+ $142 54. Kg4 Rc8 55. hxg5+ hxg5) 54. Bd8+ Kf7 55. Kf4 gxf3 56. gxf3 Rxf3+ 57. Ke5 Rc1 58. Kd6 (58. Re2 $142) 58... Ke8 59. Bf6 Rc6+ 60. Ke5 Re3+ 61. Kf4 Rcc3 62. Re2 Rf3+ 63. Ke5 Kf7 {[%emt 0:00:01] Inhibits Bg7.} 64. Bd8 Rh3 65. Re1 Rc8 66. Bf6 Rg3 {[%emt 0:00:04] Threatens to win with ...Rg6.} 67. Rbb1 Rg6 68. Ra1 Rxf6 69. Rxa6 Rc7 {[%emt 0:00:01] Weighted Error Value: White=0.66/Black=0.23 (precise)} 0-1

[Event "German Rapid Championship 2022"]
[Site "Goettingen"]
[Date "2022.09.25"]
[Round "8.7"]
[White "Karsay, Pascal"]
[Black "Muckle, Julius"]
[Result "1-0"]
[ECO "A06"]
[WhiteElo "2269"]
[BlackElo "2401"]
[Annotator "RC"]
[PlyCount "90"]
[EventDate "2022.09.24"]
[EventType "swiss"]
[EventCountry "GER"]
[SourceTitle "playchess.com"]
[Source "ChessBase"]
[SourceQuality "1"]
[TimeControl "900+10"]

1. Nf3 d5 2. e3 Nf6 3. c4 c6 4. Nc3 e6 5. b3 Nbd7 6. Qc2 Bd6 7. Bb2 O-O 8. Be2 e5 9. cxd5 cxd5 10. Nb5 Bb8 11. Rc1 e4 12. Nfd4 Ne5 13. Nc7 Nd3+ 14. Bxd3 exd3 15. Qc5 Bxc7 16. Qxc7 Qxc7 17. Rxc7 Bd7 18. Rxb7 Rfc8 19. f3 Bc6 20. Re7 a5 21. Kf2 a4 22. b4 Kf8 23. Re5 a3 24. Bc3 Ba4 25. Rb1 Re8 26. Rxe8+ Kxe8 27. b5 Kd7 28. b6 Ne8 29. Bb4 Bc2 30. Nxc2 dxc2 31. Rc1 Ra4 32. Bc3 Kc6 33. Bd4 Nd6 34. Rxc2+ Kb5 35. Be5 Nb7 36. Bd4 Rb4 37. Rc7 Ka6 38. Rc3 Ra4 39. Rb3 g6 40. Ke2 f5 41. h4 Ra5 42. Kd3 Ra4 43. Kc2 Rc4+ 44. Rc3 Ra4 45. Kb3 Na5+ 1-0